[Event "Titled Tuesday Blitz July 4 Early 2023"]
[White "Womacka, Mathias"]
[Black "Samarth J Rao"]
[WhiteFideId "4611390"]
[BlackFideId "46652370"]
[WhiteElo "2519"]
[BlackElo "2272"]
[Result "0-1"]
[Round "9"]
[TimeControl "180+2"]
[Date "2023.07.04"]
[WhiteClock "0:00:04"]
[BlackClock "0:00:20"]
[Board "110"]

1. e4 c5 2. Nf3 e6 3. d4 cxd4 4. Nxd4 a6 5. Bd3 Qc7 6. Qe2 d6 7. O-O Nf6 8. c4 Be7 9. Nc3 O-O 10. f4 Nbd7 11. Kh1 b6 12. Bd2 Bb7 13. Rae1 Rac8 14. e5 dxe5 15. fxe5 Qxe5 16. Qxe5 Nxe5 17. Rxe5 Rfd8 18. Nce2 Ng4 19. Rh5 h6 20. Bc2 Rxc4 21. Bb3 Rcxd4 22. Nxd4 Rxd4 23. Bc3 Re4 24. Rh3 Bf6 25. Rd3 Bxc3 26. Rxc3 Re2 27. Rc2 Bxg2+ 28. Kg1 Bxf1 29. Rc8+ Kh7 30. Kxf1 Rxb2 31. h3 Ne3+ 32. Ke1 Nf5 33. Rc7 Kg6 34. Rc6 a5 35. Rxb6 a4 0-1


[Site "https://www.chess.com"]

[Event "Titled Tuesday Blitz July 4 Early 2023"]
[White "Skliarov, Viktor"]
[Black "Dobre, Claudiu-Cristian"]
[WhiteFideId "14106736"]
[BlackFideId "1211854"]
[WhiteElo "2591"]
[BlackElo "2448"]
[Result "1-0"]
[Round "9"]
[TimeControl "180+2"]
[Date "2023.07.04"]
[WhiteClock "0:00:18"]
[BlackClock "0:00:06"]
[Board "111"]

1. e4 Nc6 2. Nc3 e5 3. Bc4 Nf6 4. d3 Na5 5. Nge2 Bc5 6. O-O Nxc4 7. dxc4 a5 8. Ng3 d6 9. h3 O-O 10. Qf3 Be6 11. b3 Nd7 12. Rd1 Bd4 13. Nge2 Bxc3 14. Nxc3 f5 15. exf5 Bxf5 16. Qxb7 Bxc2 17. Rd2 Bg6 18. Nd5 Rc8 19. Qxc8 Qxc8 20. Ne7+ Kf7 21. Nxc8 Rxc8 22. Ba3 Ke6 23. Rad1 Nf6 24. f3 Rd8 25. Kf2 Nh5 26. Rd5 a4 27. b4 Rb8 28. Ra5 Nf4 29. b5 Bd3 30. g3 Nxh3+ 31. Kg2 Bf5 32. Ra7 Rc8 33. b6 cxb6 34. Rxd6# 1-0


[Site "https://www.chess.com"]

[Event "Titled Tuesday Blitz July 4 Early 2023"]
[White "Philippe, Guillaume"]
[Black "Czerw, Dawid"]
[WhiteFideId "36048763"]
[BlackFideId "1145746"]
[WhiteElo "2424"]
[BlackElo "2576"]
[Result "0-1"]
[Round "9"]
[TimeControl "180+2"]
[Date "2023.07.04"]
[WhiteClock "0:00:10"]
[BlackClock "0:00:05"]
[Board "112"]

1. e4 c5 2. Nf3 Nc6 3. d4 cxd4 4. Nxd4 Nf6 5. Nc3 e5 6. Ndb5 d6 7. Nd5 Nxd5 8. exd5 Nb8 9. c4 Be7 10. c5 O-O 11. Bd3 Na6 12. cxd6 Bxd6 13. O-O Nc5 14. Bc2 f5 15. Nxd6 Qxd6 16. b3 b6 17. Bb2 Bb7 18. Re1 Rae8 19. f4 exf4 20. Qd4 Qg6 21. Rxe8 Rxe8 22. Bxf5 Qg5 23. h4 Qg3 24. Rf1 Re2 25. Bh3 Ne4 26. Rxf4 Re1+ 27. Rf1 Rxf1+ 28. Kxf1 Nf6 29. Be6+ Kf8 30. Ba3+ Ke8 31. Qa4+ Kd8 32. Qxa7 Qf4+ 33. Ke2 Qe4+ 34. Kd2 Qd4+ 35. Kc2 Qf2+ 36. Kc3 Qe3+ 37. Kb4 Qc5+ 38. Ka4 b5+ 39. Ka5 Qxa7+ 40. Kb4 Nxd5+ 41. Kxb5 Nc7+ 42. Kc4 Nxe6 43. b4 Qd4+ 44. Kb3 Bd5+ 45. Ka4 Qc4 46. Ka5 Bc6 47. Kb6 Qb5+ 48. Ka7 Qb7# 0-1


[Site "https://www.chess.com"]

[Event "Titled Tuesday Blitz July 4 Early 2023"]
[White "Shapiro, Viktor"]
[Black "Asavasaetakul, Chawit"]
[WhiteFideId "4175700"]
[BlackFideId "6204856"]
[WhiteElo "2471"]
[BlackElo "2560"]
[Result "0-1"]
[Round "9"]
[TimeControl "180+2"]
[Date "2023.07.04"]
[WhiteClock "0:00:00"]
[BlackClock "0:00:18"]
[Board "113"]

1. c4 Nf6 2. Nc3 e5 3. g3 Bb4 4. Bg2 O-O 5. Nf3 e4 6. Nd4 Re8 7. O-O Nc6 8. Nc2 Bf8 9. d3 exd3 10. exd3 h6 11. h3 b6 12. d4 Bb7 13. Be3 d6 14. b3 Qd7 15. Qd2 Na5 16. d5 Ba6 17. Nd4 Nb7 18. Qc2 Nc5 19. b4 Bxc4 20. bxc5 dxc5 21. Nf5 Bxf1 22. Rxf1 Rad8 23. a4 Re5 24. g4 h5 25. Bf4 Ree8 26. g5 Nh7 27. h4 a6 28. Rb1 Rb8 29. Bh3 Kh8 30. Kg2 Qd8 31. Ng3 Bd6 32. Nxh5 Nf8 33. Bxd6 Qxd6 34. Ng3 Ng6 35. Nf5 Qf4 36. Rh1 b5 37. axb5 axb5 38. Ne2 Qb4 39. h5 Rxe2 40. hxg6 Rxc2 41. Bg4+ Kg8 42. gxf7+ Kxf7 43. Bf3 Qf4 44. Ng3 Rf8 45. g6+ Ke8 46. Re1+ Kd8 0-1


[Site "https://www.chess.com"]

[Event "Titled Tuesday Blitz July 4 Early 2023"]
[White "Avazkhonov, Alikhon"]
[Black "Golubev, Mikhail"]
[WhiteFideId "14208504"]
[BlackFideId "14100983"]
[WhiteElo "2419"]
[BlackElo "2552"]
[Result "1/2-1/2"]
[Round "9"]
[TimeControl "180+2"]
[Date "2023.07.04"]
[WhiteClock "0:00:04"]
[BlackClock "0:00:03"]
[Board "114"]

1. d4 Nf6 2. c4 g6 3. Nc3 Bg7 4. e4 d6 5. f3 O-O 6. Be3 a6 7. Nge2 Nbd7 8. Qd2 b5 9. cxb5 axb5 10. d5 b4 11. Nb5 Nc5 12. Ned4 e6 13. dxe6 fxe6 14. Qxb4 Bd7 15. Qc4 Nfxe4 16. fxe4 Qh4+ 17. Kd1 Qxe4 18. Nc2 Bxb5 19. Qxb5 Qd5+ 20. Bd2 Rf2 21. Be2 Rxg2 22. Qc4 Qxc4 23. Bxc4 d5 24. Bf1 Rg4 25. Bh3 Re4 26. Bg2 Rg4 27. Ne3 Rd4 28. Kc2 Ne4 29. Bc3 Nxc3 30. bxc3 Rda4 31. Kb2 Rb8+ 32. Kc2 d4 33. cxd4 Bxd4 34. Rab1 Rxb1 35. Kxb1 Bxe3 36. Re1 Rb4+ 37. Kc2 Bf4 38. Rxe6 Bxh2 39. Bd5 Kg7 40. Re7+ Kh6 41. Bg8 Kg5 42. Rxh7 Bd6 43. Rd7 Kf6 44. Bb3 g5 45. Rf7+ Kg6 46. Be6 g4 47. Rf2 g3 48. Rg2 Kg5 49. Kc3 Ra4 50. Kb3 Ra5 51. Bc4 Kf4 52. Kc3 Re5 53. Be2 Re3+ 54. Kd2 Bb4+ 55. Kd1 c5 56. Bc4 Rc3 57. Be2 Re3 58. Kc2 Re7 59. Bd1 Rd7 60. Kc1 Rd8 61. Bh5 c4 62. Rg1 c3 63. Rf1+ Kg5 64. Be2 Bc5 65. Rf3 g2 66. Rg3+ Kf4 67. Rxg2 Be3+ 68. Kc2 Bd2 69. Bd3 Rb8 70. Rg6 Rb2+ 71. Kd1 Rxa2 72. Rf6+ Ke3 73. Bg6 Ra1+ 74. Kc2 Ra2+ 75. Kb1 Rb2+ 76. Ka1 Rb8 77. Rc6 Ke2 78. Bh5+ Ke3 79. Bg6 Kd4 80. Bf5 Kd5 81. Rc7 Bf4 82. Rd7+ Kc6 83. Rd3 c2 84. Rc3+ Kd6 85. Rxc2 Be5+ 86. Ka2 Ra8+ 87. Kb3 Rb8+ 88. Kc4 Rb7 89. Kd3 Rb3+ 90. Ke4 Rc3 91. Rxc3 Bxc3 1/2-1/2


[Site "https://www.chess.com"]

[Event "Titled Tuesday Blitz July 4 Early 2023"]
[White "Terletsky, Oleg"]
[Black "Kuznetsov, Mikhail"]
[WhiteFideId "14116774"]
[BlackFideId "4117190"]
[WhiteElo "2534"]
[BlackElo "2412"]
[Result "1-0"]
[Round "9"]
[TimeControl "180+2"]
[Date "2023.07.04"]
[WhiteClock "0:00:42"]
[BlackClock "0:00:43"]
[Board "115"]

1. e4 c6 2. d4 d5 3. Nc3 a6 4. Nf3 Bg4 5. Be2 e6 6. O-O Nf6 7. exd5 cxd5 8. Bf4 Nc6 9. Re1 Be7 10. h3 Bxf3 11. Bxf3 O-O 12. Ne2 b5 13. Ng3 Qb6 14. c3 b4 15. Be2 bxc3 16. bxc3 Na5 17. Bd3 Qc6 18. Rc1 Nc4 19. Be5 Nxe5 20. dxe5 Nd7 21. c4 Nb6 22. Qh5 g6 23. Qh6 Nxc4 24. Nh5 Kh8 25. Qg7# 1-0


[Site "https://www.chess.com"]

[Event "Titled Tuesday Blitz July 4 Early 2023"]
[White "lagarto93"]
[Black "Ncatt"]
[WhiteElo "2529"]
[BlackElo "2411"]
[Result "1-0"]
[Round "9"]
[TimeControl "180+2"]
[Date "2023.07.04"]
[WhiteClock "0:02:13"]
[BlackClock "0:02:26"]
[Board "116"]

1. e4 g6 2. d4 Bg7 3. Nc3 a6 4. Be3 b5 5. Qd2 Bb7 6. f3 d6 7. a4 b4 8. Nd1 a5 9. c3 bxc3 10. Nxc3 Nd7 11. Bb5 c6 12. Bd3 Ngf6 13. Nge2 e5 14. O-O O-O 15. Kh1 d5 16. exd5 cxd5 17. Bh6 e4 18. Bb5 Qe7 19. Bxg7 Kxg7 20. Ng3 h5 21. Qg5 Rh8 22. Nf5+ Kf8 23. Nxe7 1-0


[Site "https://www.chess.com"]

[Event "Titled Tuesday Blitz July 4 Early 2023"]
[White "robertoalejandro10"]
[Black "Rozhkov, Viacheslav"]
[BlackFideId "4181484"]
[WhiteElo "2526"]
[BlackElo "2395"]
[Result "1-0"]
[Round "9"]
[TimeControl "180+2"]
[Date "2023.07.04"]
[WhiteClock "0:02:00"]
[BlackClock "0:01:59"]
[Board "117"]

1. Nf3 Nf6 2. c4 b6 3. g3 c5 4. Bg2 Bb7 5. O-O g6 6. Nc3 Bg7 7. b3 O-O 8. Bb2 d6 9. d4 cxd4 10. Qxd4 Nc6 11. Qd2 Rc8 12. Rfd1 a6 13. Rac1 Qc7 14. Nd5 Qd8 15. Nxf6+ exf6 16. Qxd6 Qe8 17. e3 Ne5 18. Nxe5 Bxg2 19. Kxg2 fxe5 20. Qxb6 Rc6 21. Qb7 Qe6 22. Qd7 Qf6 23. Bxe5 Qxe5 24. Qxc6 h5 25. h4 Re8 26. Qd5 Qe7 27. c5 Bh6 28. c6 g5 29. hxg5 Bxg5 30. c7 Rc8 31. Qf5 1-0


[Site "https://www.chess.com"]

[Event "Titled Tuesday Blitz July 4 Early 2023"]
[White "Ljukin, Sergei"]
[Black "Petrova, Irina"]
[WhiteFideId "14102200"]
[BlackFideId "14124122"]
[WhiteElo "2517"]
[BlackElo "2368"]
[Result "0-1"]
[Round "9"]
[TimeControl "180+2"]
[Date "2023.07.04"]
[WhiteClock "0:00:00"]
[BlackClock "0:00:08"]
[Board "118"]

1. e4 e5 2. Nf3 Nc6 3. Bb5 a6 4. Ba4 Nf6 5. Qe2 b5 6. Bb3 Bc5 7. c3 O-O 8. d3 d6 9. Bg5 h6 10. Bh4 Be6 11. Bd5 Bxd5 12. exd5 Nb8 13. Nbd2 Nbd7 14. O-O-O Qb8 15. g4 Nxd5 16. g5 Nf4 17. Qe4 h5 18. d4 Bb6 19. Bg3 f5 20. Qc2 Ne2+ 21. Kb1 e4 22. Nh4 b4 23. Nxe4 Nxc3+ 24. Nxc3 bxc3 25. Qxc3 f4 26. Qc4+ Kh7 27. g6+ Kh8 28. Qe2 f3 29. Qd3 Nf6 30. Qxf3 Qe8 31. Qd3 Rb8 32. Rhe1 Qa4 33. Qc2 Qb5 34. Re3 Ba7 35. Rb3 Qd7 36. Rxb8 Rxb8 37. a3 Qb5 38. Rd3 Ne4 39. Ka1 Qb7 40. Rb3 Qxb3 41. Qxb3 Rxb3 42. Nf5 Nxg3 43. hxg3 Rf3 44. Ne7 Rxf2 45. Nd5 Bxd4 46. Nxc7 Bxb2+ 47. Kb1 Be5 48. Ne6 Rf3 49. Ng5 Rxg3 50. Nf7+ Kg8 0-1


[Site "https://www.chess.com"]

[Event "Titled Tuesday Blitz July 4 Early 2023"]
[White "Shuvalov, Evgenij"]
[Black "Omariev, Maksim"]
[WhiteFideId "4187237"]
[BlackFideId "4193423"]
[WhiteElo "2512"]
[BlackElo "2434"]
[Result "0-1"]
[Round "9"]
[TimeControl "180+2"]
[Date "2023.07.04"]
[WhiteClock "0:00:34"]
[BlackClock "0:01:47"]
[Board "119"]

1. d4 h5 2. c4 h4 3. e4 d6 4. h3 e5 5. Nf3 Nc6 6. d5 Nb8 7. Nc3 a5 8. Be3 Na6 9. Be2 Be7 10. Qc2 Nf6 11. Nd2 Nc5 12. a3 Bd7 13. b3 Nh5 14. Bxh5 Rxh5 15. O-O Bg5 16. b4 Bxe3 17. fxe3 axb4 18. axb4 Rxa1 19. Rxa1 Na6 20. Qb3 Qg5 21. Nf3 Qxe3+ 22. Kh1 Bxh3 23. Re1 Bxg2+ 24. Kxg2 h3+ 25. Kg3 Rg5+ 26. Kh4 Qf4+ 27. Kxh3 Qg3# 0-1


[Site "https://www.chess.com"]

[Event "Titled Tuesday Blitz July 4 Early 2023"]
[White "Rian, Kapriaga"]
[Black "Belov, Alexei"]
[WhiteFideId "7103263"]
[BlackFideId "4128206"]
[WhiteElo "2363"]
[BlackElo "2497"]
[Result "1-0"]
[Round "9"]
[TimeControl "180+2"]
[Date "2023.07.04"]
[WhiteClock "0:00:43"]
[BlackClock "0:00:17"]
[Board "120"]

1. d4 e6 2. Nf3 d5 3. e3 Nf6 4. Bd3 Be7 5. O-O O-O 6. Nbd2 Nbd7 7. b3 c5 8. Bb2 b6 9. Ne5 Bb7 10. f4 Rc8 11. Qf3 Qc7 12. Qh3 Ne4 13. Ndf3 f5 14. Nxd7 Qxd7 15. dxc5 Bxc5 16. Bd4 Qd6 17. Rad1 Bxd4 18. Nxd4 Nc3 19. Rd2 a6 20. g4 g6 21. Rg2 Kh8 22. gxf5 gxf5 23. Qh6 Qe7 24. Kh1 Rg8 25. Rfg1 Ne4 26. Bxe4 dxe4 27. Nxe6 Bd5 28. Rg7 1-0


[Site "https://www.chess.com"]

[Event "Titled Tuesday Blitz July 4 Early 2023"]
[White "VoicelessFeather"]
[Black "Kovalevsky, Stanislav"]
[BlackFideId "13508598"]
[WhiteElo "2233"]
[BlackElo "2482"]
[Result "0-1"]
[Round "9"]
[TimeControl "180+2"]
[Date "2023.07.04"]
[WhiteClock "0:01:30"]
[BlackClock "0:02:18"]
[Board "121"]

1. e4 e6 2. d4 d5 3. Nd2 dxe4 4. Nxe4 Nf6 5. Nxf6+ gxf6 6. Be3 Nc6 7. Bb5 Bd7 8. Qd2 Ne7 9. Bc4 Bc6 10. Nf3 Rg8 11. O-O-O Rxg2 12. Qe2 Qd6 13. Kb1 O-O-O 14. Rhg1 Rxg1 15. Rxg1 Nf5 16. Bd3 Qd5 17. Nd2 Nxd4 18. Qh5 Qxh5 0-1


[Site "https://www.chess.com"]

[Event "Titled Tuesday Blitz July 4 Early 2023"]
[White "Todorovic, Bojan"]
[Black "Sailer, Mike"]
[WhiteFideId "917087"]
[BlackFideId "2012901"]
[WhiteElo "2363"]
[BlackElo "2123"]
[Result "1-0"]
[Round "9"]
[TimeControl "180+2"]
[Date "2023.07.04"]
[WhiteClock "0:00:50"]
[BlackClock "0:00:30"]
[Board "122"]

1. d4 d5 2. c4 c6 3. Nf3 Nf6 4. Nc3 a6 5. e3 Bg4 6. cxd5 cxd5 7. h3 Bxf3 8. Qxf3 e6 9. Bd3 Bd6 10. g4 h6 11. Bd2 Nc6 12. a3 Qe7 13. h4 O-O-O 14. O-O-O Nd7 15. Kb1 Kb8 16. Rc1 Rc8 17. Ka2 g6 18. Qe2 h5 19. g5 Nb6 20. Rc2 Rc7 21. Rhc1 Rhc8 22. Nb1 e5 23. dxe5 Bxe5 24. Bxa6 bxa6 25. Qxa6 Nc4 26. Bc3 Ra7 27. Qb5+ Rb7 28. Qxd5 Bxc3 29. Nxc3 Rxb2+ 30. Rxb2+ Kc7 31. Qxc4 1-0


[Site "https://www.chess.com"]

[Event "Titled Tuesday Blitz July 4 Early 2023"]
[White "Tinmaz, Kerem"]
[Black "Girya, Olga"]
[WhiteFideId "44559151"]
[BlackFideId "4195752"]
[WhiteElo "2385"]
[BlackElo "2589"]
[Result "1-0"]
[Round "9"]
[TimeControl "180+2"]
[Date "2023.07.04"]
[WhiteClock "0:00:05"]
[BlackClock "0:00:03"]
[Board "123"]

1. e4 e5 2. Nf3 Nc6 3. Bb5 a6 4. Bxc6 dxc6 5. O-O Qf6 6. d4 exd4 7. Bg5 Qd6 8. Nxd4 Be7 9. Be3 Nf6 10. Nd2 c5 11. Nc4 Qd8 12. Nf5 Bxf5 13. exf5 Qd5 14. Qxd5 Nxd5 15. Rfe1 O-O-O 16. Rad1 Nb4 17. c3 Nc2 18. Rxd8+ Rxd8 19. Rc1 Nxe3 20. fxe3 Bg5 21. Re1 f6 22. Re2 b5 23. Na5 c4 24. Nc6 Rd1+ 25. Kf2 Kd7 26. Nd4 Bh6 27. Nf3 Ra1 28. a3 Kd6 29. Rd2+ Kc6 30. h4 Rb1 31. g4 g6 32. g5 fxg5 33. hxg5 Bg7 34. f6 Bf8 35. Ne5+ Kb7 36. Rd8 Bc5 37. f7 Rxb2+ 38. Kf3 Rb3 39. Nd7 Bxa3 40. f8=Q Bxf8 41. Rxf8 Rxc3 42. Nc5+ Kb6 43. Nd7+ Kc6 44. Ne5+ Kb7 45. Rf7 b4 46. Nd7 b3 47. Nc5+ Kb6 48. Na4+ Ka5 49. Nxc3 Kb4 50. Nd5+ Ka3 51. Rxc7 b2 52. Rb7 Ka2 53. Nc3+ Ka1 54. Ra7 b1=Q 55. Nxb1 Kxb1 56. Rxa6 c3 57. Rc6 c2 58. e4 c1=Q 59. Rxc1+ Kxc1 60. e5 Kd2 61. e6 1-0


[Site "https://www.chess.com"]

[Event "Titled Tuesday Blitz July 4 Early 2023"]
[White "Vlassov, Nikolai"]
[Black "Wartiovaara, Oliver"]
[WhiteFideId "4103360"]
[BlackFideId "513024"]
[WhiteElo "2589"]
[BlackElo "2382"]
[Result "1-0"]
[Round "9"]
[TimeControl "180+2"]
[Date "2023.07.04"]
[WhiteClock "0:01:21"]
[BlackClock "0:01:51"]
[Board "124"]

1. e4 e6 2. c4 d5 3. cxd5 exd5 4. Qb3 dxe4 5. Bc4 Be6 6. Bxe6 fxe6 7. Qxb7 Nd7 8. Qxe4 Ngf6 9. Qxe6+ Be7 10. d4 c5 11. Nf3 cxd4 12. O-O Nc5 13. Qc6+ Kf7 14. b4 Ncd7 15. Ng5+ Kg6 16. Qc2+ Kh5 17. Ne6 Qc8 18. Qf5+ 1-0


[Site "https://www.chess.com"]

[Event "Titled Tuesday Blitz July 4 Early 2023"]
[White "Ganiev, Roman"]
[Black "Fernandez Siles, Luis"]
[WhiteFideId "4131452"]
[BlackFideId "2209420"]
[WhiteElo "2587"]
[BlackElo "2375"]
[Result "1-0"]
[Round "9"]
[TimeControl "180+2"]
[Date "2023.07.04"]
[WhiteClock "0:00:25"]
[BlackClock "0:00:00"]
[Board "125"]

1. e4 c5 2. Nf3 Nc6 3. Bb5 g6 4. O-O Bg7 5. Re1 Nf6 6. e5 Nd5 7. Nc3 Nc7 8. Bf1 O-O 9. d3 d6 10. exd6 exd6 11. Bg5 f6 12. Bf4 Ne5 13. h3 Ne6 14. Bg3 Nxf3+ 15. Qxf3 Nd4 16. Qd1 b6 17. Ne4 f5 18. Nd2 f4 19. Bh2 Bb7 20. c3 Nc6 21. Be2 Ne5 22. Nf3 Nd7 23. d4 Kh8 24. Qd2 Qf6 25. Rad1 Rad8 26. Bb5 Bxf3 27. gxf3 cxd4 28. Kh1 Ne5 29. Qe2 dxc3 30. bxc3 Qh4 31. Qf1 Nxf3 32. Re6 Ng5 33. Re2 Nxh3 34. Bc6 f3 35. Rc2 Be5 36. Rd4 Qh5 37. Rd5 Nf4 38. Rd4 1-0


[Site "https://www.chess.com"]

[Event "Titled Tuesday Blitz July 4 Early 2023"]
[White "Barbot, Pierre"]
[Black "Weishaeutel, Moritz"]
[WhiteFideId "663727"]
[BlackFideId "12967300"]
[WhiteElo "2371"]
[BlackElo "2574"]
[Result "0-1"]
[Round "9"]
[TimeControl "180+2"]
[Date "2023.07.04"]
[WhiteClock "0:00:01"]
[BlackClock "0:01:22"]
[Board "126"]

1. d4 Nf6 2. Nf3 d5 3. Bf4 c5 4. e3 Nc6 5. Nbd2 e6 6. c3 cxd4 7. exd4 Nh5 8. Bg5 Be7 9. Bxe7 Qxe7 10. g3 Nf6 11. Bg2 O-O 12. O-O Qd6 13. Qe2 Re8 14. Rae1 b6 15. Ne5 a5 16. Qb5 Ne7 17. Ndc4 Qb8 18. Qxb6 dxc4 19. Qc5 Bb7 20. Nxc4 Bxg2 21. Kxg2 Qb7+ 22. f3 Rac8 23. Qb6 Qxb6 24. Nxb6 Rc6 25. Na4 Ned5 26. Re5 Rb8 27. Rfe1 Nd7 28. R5e2 N7b6 29. Nc5 Nc4 30. b3 Nd6 31. c4 Nf6 32. f4 Nf5 33. Rd2 Nxd4 34. Rxd4 Rxc5 35. Red1 g6 36. h3 Kg7 37. g4 e5 38. fxe5 Rxe5 39. Rf4 h5 40. Rdf1 Rb6 41. h4 hxg4 42. Kg3 Re3+ 43. Kg2 Re2+ 44. Kg3 Nh5+ 45. Kxg4 Nxf4 46. Rxf4 f5+ 47. Kg5 Rg2+ 48. Rg4 Rxg4# 0-1


[Site "https://www.chess.com"]

[Event "Titled Tuesday Blitz July 4 Early 2023"]
[White "Gaal, Zsoka"]
[Black "Moral Garcia, Serafin"]
[WhiteFideId "777765"]
[BlackFideId "2201925"]
[WhiteElo "2351"]
[BlackElo "2561"]
[Result "1-0"]
[Round "9"]
[TimeControl "180+2"]
[Date "2023.07.04"]
[WhiteClock "0:01:52"]
[BlackClock "0:02:00"]
[Board "127"]

1. Nf3 Nf6 2. b3 g6 3. Bb2 Bg7 4. g3 c5 5. Bg2 O-O 6. O-O Nc6 7. c4 d6 8. d4 Ne4 9. e3 Bg4 10. h3 Bxf3 11. Bxf3 Ng5 12. Bg2 cxd4 13. exd4 Ne6 14. Bxc6 bxc6 15. Na3 c5 16. Nc2 Qb6 17. dxc5 Qxc5 18. Bxg7 Kxg7 19. Qd3 Rfd8 20. Rad1 Rac8 21. Kg2 d5 22. cxd5 Nf4+ 23. gxf4 Qxc2 24. Qxc2 Rxc2 25. Rfe1 Kf6 26. a4 Rc3 27. Re3 Rdc8 28. Kf3 a5 29. d6 exd6 30. Rxd6+ Kg7 31. Rd5 Rb8 32. Rxc3 1-0


[Site "https://www.chess.com"]

[Event "Titled Tuesday Blitz July 4 Early 2023"]
[White "Turzo, Attila"]
[Black "Fernandez, Michael"]
[WhiteFideId "704954"]
[BlackFideId "5803560"]
[WhiteElo "2509"]
[BlackElo "2359"]
[Result "1/2-1/2"]
[Round "9"]
[TimeControl "180+2"]
[Date "2023.07.04"]
[WhiteClock "0:00:11"]
[BlackClock "0:00:13"]
[Board "128"]

1. d4 b5 2. Nf3 Bb7 3. g3 e6 4. Bg2 c5 5. c3 Nf6 6. O-O a6 7. Bg5 cxd4 8. cxd4 Be7 9. a3 O-O 10. Nbd2 d6 11. a4 Nbd7 12. Qb3 Bd5 13. Qb4 h6 14. Bxf6 Nxf6 15. axb5 axb5 16. Rfc1 Qb6 17. Ne1 Bxg2 18. Kxg2 Nd5 19. Qb3 Qxd4 20. Nef3 Qb6 21. Ne4 Qb7 22. Rxa8 Rxa8 23. Nc3 Nxc3 24. Qxc3 Bf6 25. Qb4 Ra2 26. Rc2 Qd5 27. Rd2 Qc5 28. Qb3 Qc4 29. Qxc4 bxc4 30. Rxd6 Rxb2 31. Rc6 c3 32. e4 Re2 33. e5 Bxe5 34. Kf1 Re4 35. Nxe5 Rxe5 36. Rc8+ Kh7 37. Rxc3 g5 38. Rc4 Kg6 39. h4 Ra5 40. hxg5 hxg5 41. Kg2 Ra3 42. g4 Kf6 43. f3 Ke5 44. Kg3 Ra5 45. Re4+ Kf6 46. Rb4 Rc5 47. Rb6 Ke5 48. Rb7 f6 49. Re7 Rc6 50. Re8 Kd4 51. Rf8 e5 52. Re8 Ke3 53. Re7 Ke2 54. Rf7 Rd6 55. Kg2 Re6 56. Rf8 Ke3 57. Kg3 e4 58. fxe4 Kxe4 59. Ra8 Rd6 60. Ra4+ Rd4 61. Ra6 Rd3+ 62. Kg2 Ke5 63. Rb6 Rc3 64. Ra6 Rd3 65. Ra5+ Ke6 66. Rb5 Kf7 67. Ra5 Ke6 68. Rb5 Ra3 69. Rc5 Ra2+ 70. Kg3 Ra3+ 71. Kg2 Kd6 72. Rf5 Ke6 73. Rb5 Kf7 74. Rf5 1/2-1/2


[Site "https://www.chess.com"]

[Event "Titled Tuesday Blitz July 4 Early 2023"]
[White "only_strong_moves"]
[Black "Korpics, Zsolt"]
[BlackFideId "705241"]
[WhiteElo "2508"]
[BlackElo "2351"]
[Result "1-0"]
[Round "9"]
[TimeControl "180+2"]
[Date "2023.07.04"]
[WhiteClock "0:01:01"]
[BlackClock "0:00:00"]
[Board "129"]

1. e4 c5 2. Nf3 e6 3. c4 Nc6 4. Nc3 e5 5. g3 d6 6. Bg2 g6 7. O-O Bg7 8. d3 Nge7 9. Bg5 O-O 10. a3 h6 11. Be3 f5 12. Qd2 Kh7 13. Nd5 Be6 14. b4 b6 15. Ne1 Rc8 16. Rb1 g5 17. f4 gxf4 18. gxf4 Nd4 19. Kh1 Ng6 20. fxe5 Nxe5 21. Bxd4 cxd4 22. Bh3 Bxd5 23. exd5 Ng4 24. Ng2 Be5 25. Bxg4 fxg4 26. Qe2 Qg5 27. Qe4+ Kg7 28. Rbe1 Rxf1+ 29. Rxf1 Qh5 30. Nf4 Bxf4 31. Rxf4 g3 32. Rg4+ Kf8 33. Qf3+ Ke7 34. Rg7+ Kd8 35. Qf8+ 1-0


[Site "https://www.chess.com"]

[Event "Titled Tuesday Blitz July 4 Early 2023"]
[White "Vifleemskaia, Svetlana"]
[Black "Novikov, Evgenij"]
[WhiteFideId "4129490"]
[BlackFideId "4125380"]
[WhiteElo "2320"]
[BlackElo "2502"]
[Result "0-1"]
[Round "9"]
[TimeControl "180+2"]
[Date "2023.07.04"]
[WhiteClock "0:00:00"]
[BlackClock "0:00:06"]
[Board "130"]

1. d4 d5 2. c4 c6 3. cxd5 cxd5 4. Bf4 Nc6 5. e3 Nf6 6. Nc3 a6 7. Bd3 g6 8. h3 Bg7 9. Nf3 O-O 10. O-O b5 11. Rc1 Bb7 12. Ne5 Rc8 13. Bb1 e6 14. Qd2 Nxe5 15. Bxe5 Nd7 16. Bxg7 Kxg7 17. b3 Qa5 18. Rfd1 Rc7 19. Qb2 Rfc8 20. Ne2 b4 21. Rxc7 Rxc7 22. Rc1 Kf8 23. Rxc7 Qxc7 24. Qc1 Qxc1+ 25. Nxc1 a5 26. Bd3 Ke7 27. Kf1 Kd6 28. Bb5 Bc6 29. Be2 f6 30. Ke1 e5 31. Kd2 e4 32. g4 g5 33. f4 Nb6 34. f5 a4 35. Ba6 a3 36. Ne2 Be8 37. Ng3 Na8 38. Be2 Nc7 39. Bf1 Kc6 40. Be2 Kd6 41. Bf1 Ke7 42. Be2 Kf7 43. Nh5 Bb5 44. Ng3 Bxe2 45. Nxe2 Nb5 46. Kc2 Kg7 47. Kd2 h5 48. Kc2 hxg4 49. hxg4 Nd6 50. Kd2 Nf7 51. Nc3 bxc3+ 52. Kxc3 Nd6 53. Kb4 Nxf5 54. Kxa3 Nxe3 55. Kb4 f5 56. a4 fxg4 57. a5 g3 58. a6 g2 59. a7 g1=Q 60. a8=Q Qe1+ 61. Kc5 Qc3+ 62. Kd6 Qxd4 63. Qb7+ Kh6 0-1


[Site "https://www.chess.com"]

[Event "Titled Tuesday Blitz July 4 Early 2023"]
[White "Liu, Casper"]
[Black "Shapiro, Daniel"]
[WhiteFideId "1454153"]
[BlackFideId "2001780"]
[WhiteElo "2501"]
[BlackElo "2331"]
[Result "1-0"]
[Round "9"]
[TimeControl "180+2"]
[Date "2023.07.04"]
[WhiteClock "0:00:41"]
[BlackClock "0:00:08"]
[Board "131"]

1. c3 d5 2. d4 Nf6 3. Bf4 g6 4. h4 Bg7 5. e3 Nbd7 6. Nd2 b6 7. Bd3 Bb7 8. Ngf3 h6 9. Qe2 O-O 10. O-O-O Re8 11. Ne5 Nh5 12. g4 Nxf4 13. exf4 Nxe5 14. fxe5 c5 15. e6 Qd6 16. exf7+ Kxf7 17. h5 gxh5 18. gxh5 Rec8 19. Rdg1 cxd4 20. Rh3 dxc3 21. Rf3+ Bf6 22. Bg6+ Kf8 23. Qe3 cxd2+ 24. Kb1 Rc1+ 25. Rxc1 dxc1=Q+ 26. Qxc1 Kg7 27. Rg3 Qe5 28. Bf5+ Kf7 29. Bg6+ Ke6 30. Re3 Rc8 31. Rxe5+ Bxe5 32. Qxh6 d4 33. Be4+ Bf6 34. Bxb7 d3 35. Bxc8+ 1-0


[Site "https://www.chess.com"]

[Event "Titled Tuesday Blitz July 4 Early 2023"]
[White "Herzog2012"]
[Black "Sokolov, Andrei"]
[BlackFideId "11600306"]
[WhiteElo "2471"]
[BlackElo "2308"]
[Result "1-0"]
[Round "9"]
[TimeControl "180+2"]
[Date "2023.07.04"]
[WhiteClock "0:01:40"]
[BlackClock "0:01:21"]
[Board "132"]

1. e4 c6 2. d4 d5 3. Nc3 dxe4 4. Nxe4 Nd7 5. Ng5 Ngf6 6. Bd3 e6 7. N1f3 Bd6 8. Qe2 O-O 9. Nxe6 fxe6 10. Qxe6+ Kh8 11. Qxd6 Re8+ 12. Be3 Qa5+ 13. c3 Nd5 14. O-O Nxe3 15. fxe3 Rxe3 16. Ne5 h6 17. Qf8+ Nxf8 18. Rxf8# 1-0


[Site "https://www.chess.com"]